 Dungeon Crawl Stone Soup version 0.18.1-48-g4cf74bf (webtiles) character file.

44 dorian the Gusty (level 3, 0/26 HPs)
             Began as a Demigod Air Elementalist on Sept 1, 2016.
             Slain by Terence
             ... wielding a +0 hand axe
              (3 damage)
             ... on level 2 of the Dungeon.
             The game lasted 00:04:28 (1532 turns).

dorian the Gusty (Demigod Air Elementalist)         Turns: 1532, Time: 00:04:29

Health: 0/26       AC:  2    Str: 13    XL:     3   Next: 23%
Magic:  1/8        EV: 12    Int: 19    God:
Gold:   29         SH:  0    Dex: 16    Spells: 1 memorised, 4 levels left

rFire  . . .     SeeInvis .     l - +1 whip (vamp)
rCold  . . .     Gourm    .     a - +0 robe
rNeg   . . .     Faith    .     (no shield)
rPois  .         Spirit   .     (no helmet)
rElec  .         Dismiss  .     (no cloak)
rCorr  .         Reflect  .     (no gloves)
SustAt +         Harm     .     e - -1 pair of boots (curse)
MR     .....                    (no amulet)
Stlth  ++........               (no ring)
                                (no ring)

@: not resistant to hostile enchantments, unstealthy
A: high mp 1, sustain attributes
a: no special abilities


You were on level 2 of the Dungeon.
You were not hungry.

You visited 1 branch of the dungeon, and saw 2 of its levels.

You collected 29 gold pieces.

Inventory:

Hand Weapons
 l - a +1 vampiric whip (weapon)
   (You took it off a goblin on level 1 of the Dungeon)
Armour
 a - a +0 robe (worn)
 e - a cursed -1 pair of boots (worn)
   (You found it on level 1 of the Dungeon)
Scrolls
 b - 2 scrolls of enchant weapon {unknown}
 d - 2 scrolls of remove curse {unknown}
 f - a scroll of amnesia {unknown}
 i - 2 scrolls of identify {unknown}
 k - a scroll of recharging {unknown}
Potions
 j - a potion of brilliance {unknown}
Books
 A - a book of Air

   Spells                             Type                      Level
   a - Shock                          Conjuration/Air              1
   b - Swiftness                      Charms/Air                   2
   c - Repel Missiles                 Charms/Air                   2
   d - Static Discharge               Conjuration/Air              3
   e - Lightning Bolt                 Conjuration/Air              5
Comestibles
 g - 2 meat rations
 Z - 2 chunks of flesh


   Skills:
 - Level 1.7 Dodging
 - Level 1.7 Stealth
 - Level 1.7 Spellcasting
 - Level 0.8 Conjurations
 * Level 4.1 Air Magic


You had 4 spell levels left.
You knew the following spells:

 Your Spells              Type           Power        Failure   Level  Hunger
a - Shock                 Conj/Air       ##..         10%         1    #......


Dungeon Overview and Level Annotations

Branches:
Dungeon (2/15)

Annotations:
D:2 Terence


Innate Abilities, Weirdness & Mutations

You have an increased reservoir of magic (+10% MP).
Your attributes are resistant to harm.


Message History

Terence is moderately wounded.
* * * LOW MAGIC WARNING * * *
Terence barely misses you.
Casting: Shock
Confirm with . or Enter, or press ? or * to list all spells.
Aiming: Shock
Press: ? - help, Shift-Dir - straight line, f/p - Terence
Aim: Terence, wielding a hand axe, wearing a chain mail and carrying a wand of digging {zapped: 1} (moderately wounded)
The zap hits Terence.
Terence appears unharmed.
Terence is moderately wounded.
* * * LOW MAGIC WARNING * * *
Terence hits you but does no damage.
Casting: Shock
Confirm with . or Enter, or press ? or * to list all spells.
You don't have enough magic to cast that spell.
Casting: Shock
Confirm with . or Enter, or press ? or * to list all spells.
You don't have enough magic to cast that spell.
You barely miss Terence.
Terence is moderately wounded.
Terence barely misses you.
You hit Terence.
Terence is heavily wounded.
Terence hits you with a hand axe.
* * * LOW HITPOINT WARNING * * *
You hit Terence.
Terence is severely wounded.
Terence barely misses you.
You hit Terence.
You feel better.
Terence is severely wounded.
Terence hits you with a hand axe.
* * * LOW HITPOINT WARNING * * *
You barely miss Terence.
Terence is severely wounded.
Terence barely misses you.
You hit Terence.
You feel better.
Terence is almost dead.
Terence misses you.
You closely miss Terence.
Terence is almost dead.
Terence hits you with a hand axe.
* * * LOW HITPOINT WARNING * * *
You hit Terence.
You feel better.
Terence is almost dead.
Terence hits you with a hand axe!
* * * LOW HITPOINT WARNING * * *
You hit Terence but do no damage.
Terence is almost dead.
Terence hits you with a hand axe.
You die...

######.#.######
#..............
#.##.###.#.#...
###.#.######
#.........#
#.#.#####.#
#.#.# #.#@#
#.#@## #.#..#
#.##รท# .
#.##.# ...
#.##.#.....
#.<.........
#..###......
#..<........
##.###...[..


You could see Terence.

Vanquished Creatures
  An adder (D:2)
  2 dart slugs (D:1)
  A ball python (D:1)
  A giant cockroach (D:1)
  A hobgoblin (D:1)
  7 jackals (D:1)
  2 kobolds (D:1)
  3 bats (D:1)
  A giant newt (D:1)
  4 goblins (D:1)
  7 rats (D:1)
30 creatures vanquished.

Notes
Turn   | Place    | Note
--------------------------------------------------------------
     0 | D:1      | dorian the Demigod Air Elementalist began the quest for the Orb.
     0 | D:1      | Reached XP level 1. HP: 14/14 MP: 5/5
    75 | D:1      | Reached skill level 3 in Air Magic
    83 | D:1      | HP: 6/14 [jackal (3)]
    88 | D:1      | HP: 3/14 [jackal (1)]
   354 | D:1      | Reached XP level 2. HP: 20/20 MP: 1/7
   420 | D:1      | HP: 10/20 [jackal (3)]
   961 | D:1      | HP: 9/20 [goblin/vampiric whip (2)]
  1177 | D:1      | HP: 8/20 [jackal (3)]
  1183 | D:1      | Reached XP level 3. HP: 10/26 MP: 6/8
  1188 | D:1      | HP: 9/26 [jackal (1)]
  1485 | D:2      | Reached skill level 4 in Air Magic
  1502 | D:2      | Noticed Terence
  1520 | D:2      | HP: 12/26 [Terence/hand axe (5)]
  1525 | D:2      | HP: 10/26 [Terence/hand axe (1)]
  1530 | D:2      | HP: 9/26 [Terence/hand axe (5)]
  1531 | D:2      | HP: 3/26 [Terence/hand axe (7)]
  1532 | D:2      | Slain by Terence

Skill      XL: |  1  2  3 |
---------------+----------+-----
Air Magic      | 3 4 |  4.1
Dodging        | |  1.7
Stealth        | |  1.7
Spellcasting   | |  1.7
Conjurations   | |  0.8

Action                   || total
-------------------------++-------
Melee: Unarmed           ||    33
       Whip              ||    26
 Cast: Shock             ||    59
  Eat: Bread ration      ||     1
       Royal jelly       ||     1
       Chunk             ||     1
Armor: Robe              ||    18
Dodge: Dodged            ||    92
